 Dungeon Crawl Stone Soup version 0.25-a0-661-g55ea3d2053 (webtiles) character file.

Game seed: 1525086686228500851, levelgen mode: deterministic

3335 kae the Martial Artist (level 10, 0/65 HPs)
             Began as a Merfolk Transmuter on Mar 23, 2020.
             Was a Follower of Wu Jian.
             Slain by a troll (20 damage)
             ... on level 8 of the Dungeon.
             The game lasted 00:10:39 (10396 turns).

kae the Martial Artist (Merfolk Transmuter)        Turns: 10396, Time: 00:10:39

Health: 0/65       AC:  3    Str: 11    XL:     10   Next: 2%
Magic:  14/19      EV: 13    Int: 16    God:    Wu Jian [*.....]
Gold:   143        SH:  0    Dex: 14    Spells: 11/22 levels left

rFire    . . .     SeeInvis .     - Unarmed
rCold    . . .     Gourm    +   (shield currently unavailable)
rNeg     + . .     Faith    .   b - +0 robe
rPois    .         Spirit   .   (no helmet)
rElec    .         Reflect  .   g - +0 cloak
rCorr    .         Harm     .   (gloves currently unavailable)
MR       .....                  (no boots)
Stlth    +.........             p - amulet of the gourmand
HPRegen  0.20/turn              A - ring of positive energy
MPRegen  0.16/turn              (no ring)

@: blade hands
A: change form in water, swift swim, stealthy swim
a: End Transformation, Renounce Religion


You were on level 8 of the Dungeon.
You worshipped Wu Jian.
Wu Jian was aware of your devotion.
You were completely stuffed.
You had blades for hands.
You visited 1 branch of the dungeon, and saw 8 of its levels.
You also visited: Sewer.

You collected 256 gold pieces.
You spent 113 gold pieces at shops.

Inventory:

Missiles
 a - 76 arrows
Armour
 b - a +0 robe (worn)
 g - a +0 cloak (worn)
Jewellery
 p - an amulet of the gourmand (around neck)
 A - a ring of positive energy (left scythe-like blade)
 E - an uncursed amulet of magic regeneration
Wands
 w - a wand of disintegration (8)
 x - a wand of iceblast (2)
 y - a wand of digging (3)
 C - a wand of random effects (20)
 D - a wand of paralysis (20)
 I - a wand of polymorph (21)
Scrolls
 c - 6 scrolls of fog
 f - 3 scrolls of magic mapping
 h - a scroll of amnesia
 i - 2 scrolls of blinking
 j - 4 scrolls of teleportation
 m - a scroll of enchant weapon
 n - 2 scrolls of remove curse
 v - a scroll of summoning
Potions
 e - 2 potions of stabbing
 k - 3 potions of brilliance
 l - 5 potions of haste
 o - 3 potions of curing
 q - 2 potions of might
 r - 2 potions of invisibility
 s - 4 potions of flight
 t - 2 potions of magic
 u - 3 potions of heal wounds
 z - 2 potions of ambrosia
Comestibles
 d - 24 rations
 B - 4 chunks of flesh


   Skills:
 - Level 1.1 Fighting
 - Level 2.6 Dodging
 * Level 11.1 Unarmed Combat
 + Level 6.6 Spellcasting
 + Level 9.3 Transmutations


You had 11 spell levels left.
You knew the following spells:

 Your Spells              Type           Power        Failure   Level  Hunger
a - Beastly Appendage     Tmut           #####.       10%         1    None
b - Sticks to Snakes      Tmut           #####...     11%         2    None
c - Spider Form           Tmut/Pois      ###.......   34%         3    ##.....
d - Blade Hands           Tmut           #####.....   41%         5    #####..

Your spell library contained the following spells:

 Spells                   Type           Power        Failure   Level  Hunger
 Ice Form                 Ice/Tmut       ###.....     61%         4    ####...


Dungeon Overview and Level Annotations

Branches:
Dungeon (8/15)             Temple (0/1) D:6           Sewer (visited)
   Lair: D:8-11

Altars:
Kikubaaqudgha
Makhleb
Okawaru
Qazlal
Wu Jian

Shops:
D:4 !(?*

Annotations:
D:4 3 runed translucent doors, Scuka's ghost, amateur DsGl
D:6 3 runed translucent doors, MisterFreud's ghost, novice FeSk


Message History

Casting: Blade Hands (safe; 8% risk of failure)
Confirm with . or Enter, or press ? or * to list all spells.
Your hands turn into razor-sharp scythe blades.
The wolf misses you. The wolf closely misses you.
You miss the wolf. The wolf misses you. The wolf closely misses you.
You slash the wolf!
The wolf is severely wounded.
You hear a bark!
A hound comes into view.
The wolf bites you!
An electric eel comes into view.
The troll closely misses you. The troll claws you. The troll claws you!
You spin and attack the wolf.
You hit the wolf. Your slash misses the wolf.
The wolf is almost dead.
The wolf bites you. The wolf bites you!
You slice the troll!! Your slash misses the troll.
The troll is severely wounded.
The troll bites you!!
You die...

...########.##.#######
............>.......
#.####.#)##.######
##.#...÷#.#.##.....#
..T.....#.#.######.#
[.....#..<#.#
......#.#.#.#
≈.......#)#.#
≈....####.#@#
≈≈.†....h.#T#
≈≈≈≈.#..h.h.# ≈
#.###### #. .. ...
;... ≈....


You could see a troll and a hound.

Vanquished Creatures
  A two-headed ogre (D:8)
  A hippogriff (D:7)
  A spriggan (D:7)
  Edmund (D:6)
  Duvessa (D:6)
  A water moccasin (D:5)
  3 orc warriors
  2 ice beasts (D:5)
  A wolf (D:8)
  2 phantoms
  A centaur (D:5)
  A big kobold (Sewer)
  Dowan (D:6)
  A scorpion (D:6)
  An electric eel (D:8)
  2 howler monkeys
  A crimson imp (D:5)
  A quasit (D:5)
  A bullfrog zombie (D:5)
  2 jellies (D:6)
  A centaur skeleton (D:6)
  2 hounds
  5 orc priests
  4 orc wizards
  2 bullfrog skeletons
  An iguana (D:6)
  5 worker ants
  A hound zombie (D:7)
  A worker ant zombie (D:6)
  A howler monkey skeleton (D:4)
  11 adders
  5 oozes
  An adder zombie (D:5)
  5 worms
  A dart slug (D:3)
  3 leopard geckos
  17 orcs
  5 ball pythons
  3 giant cockroaches
  14 hobgoblins
  12 jackals
  5 quokkas
  9 bats
  5 frilled lizards
  9 goblins
  10 kobolds
  A leopard gecko zombie (D:5)
  A quokka skeleton (D:6)
  14 rats
180 creatures vanquished.

Vanquished Creatures (collateral kills)
  A giant cockroach (D:5)
1 creature vanquished.

Grand Total: 181 creatures vanquished

Notes
Turn   | Place    | Note
-------+----------+-------------------------------------------
     0 | D:1      | kae the Merfolk Transmuter began the quest for the Orb.
     0 | D:1      | Reached XP level 1. HP: 15/15 MP: 3/3
   543 | D:1      | Reached XP level 2. HP: 15/21 MP: 3/5
  1078 | D:1      | Reached skill level 4 in Unarmed Combat
  1078 | D:1      | Reached XP level 3. HP: 12/26 MP: 4/6
  1303 | D:1      | Learned a level 2 spell: Sticks to Snakes
  1307 | D:1      | Learned a level 3 spell: Spider Form
  2174 | D:2      | Found a stormy altar of Qazlal.
  2176 | D:2      | Noticed an earth elemental
  2177 | D:2      | Noticed a fire elemental
  2177 | D:2      | Noticed an air elemental
  2177 | D:2      | Noticed a water elemental
  2210 | D:2      | Reached XP level 4. HP: 18/32 MP: 7/7
  2995 | D:3      | Found a faded altar of an unknown god.
  3366 | D:3      | Reached XP level 5. HP: 37/37 MP: 7/9
  3412 | D:3      | Reached skill level 5 in Unarmed Combat
  3472 | D:3      | Found a glowing drain.
  3533 | Sewer    | Entered a sewer
  4366 | Sewer    | Noticed a big kobold
  4393 | Sewer    | Killed a big kobold
  4393 | Sewer    | Reached XP level 6. HP: 34/43 MP: 7/10
  4912 | D:4      | Found Meazoce's Magic Scroll Shoppe.
  4914 | D:4      | Found Giettess's Assorted Antiques.
  4915 | D:4      | Found Vioring's Weapon Shoppe.
  4918 | D:4      | Bought a scroll of identify for 22 gold pieces
  4918 | D:4      | Bought a scroll of identify for 22 gold pieces
  4920 | D:4      | Found Fadeom's Distillery.
  4922 | D:4      | Bought a scroll of identify for 46 gold pieces
  4922 | D:4      | Bought a scroll labeled XITWUVIGEI for 23 gold pieces
  5159 | D:4      | Found a burning altar of Makhleb.
  5290 | D:4      | Found a runed translucent gate.
  5290 | D:4      | Found a runed translucent gate.
  5291 | D:4      | Found a runed translucent gate.
  5291 | D:4      | Noticed Scuka's ghost (amateur DsGl)
  5292 | D:4      | Identified the +4 whip "Puluty" {pain, MR++ Str-5}
  5492 | D:4      | Reached skill level 6 in Unarmed Combat
  5687 | D:5      | Entered Level 5 of the Dungeon
  5705 | D:5      | Reached skill level 5 in Transmutations
  5907 | D:5      | Reached XP level 7. HP: 37/48 MP: 5/12
  6181 | D:5      | Reached skill level 7 in Unarmed Combat
  6426 | D:5      | Found an ornate altar of the Wu Jian Council.
  6426 | D:5      | Found an ancient bone altar of Kikubaaqudgha.
  6428 | D:5      | Found an iron altar of Okawaru.
  6680 | D:5      | Became a worshipper of the Wu Jian Council
  7031 | D:5      | Reached XP level 8. HP: 47/54 MP: 7/14
  7060 | D:5      | Reached skill level 8 in Unarmed Combat
  7360 | D:6      | Learned a level 5 spell: Blade Hands
  7468 | D:6      | Reached skill level 5 in Spellcasting
  7836 | D:6      | Reached skill level 9 in Unarmed Combat
  8088 | D:6      | Noticed Edmund
  8099 | D:6      | Killed Edmund
  8099 | D:6      | Reached * piety under Wu Jian
  8099 | D:6      | Reached XP level 9. HP: 33/59 MP: 14/17
  8414 | D:6      | Found a runed translucent gate.
  8416 | D:6      | Found a runed translucent gate.
  8416 | D:6      | Noticed MisterFreud's ghost (novice FeSk)
  8418 | D:6      | Found a runed translucent gate.
  8474 | D:6      | Found an ancient bone altar of Kikubaaqudgha.
  8490 | D:6      | Found a stormy altar of Qazlal.
  8574 | D:6      | Found a staircase to the Ecumenical Temple.
  8756 | D:6      | Noticed Dowan
  8783 | D:6      | Noticed Duvessa
  8802 | D:6      | Killed Duvessa
  8806 | D:6      | Killed Dowan
  9043 | D:7      | Reached skill level 10 in Unarmed Combat
 10143 | D:8      | Noticed a two-headed ogre
 10157 | D:8      | Killed a two-headed ogre
 10157 | D:8      | Reached skill level 11 in Unarmed Combat
 10368 | D:8      | Reached XP level 10. HP: 59/65 MP: 14/19
 10396 | D:8      | Slain by a troll

Levels and vault maps discovered:
D:1:      elethiomel_arrival_infinity_welcomes_careful_drivers, layout_basic
D:2:      layout_rooms, first_ration, nicolae_qazlal_style_of_elements
D:3:      minmay_angry_zag, layout_basic, chequers_ecumenical_altar_simple,
          gup_sewer_entry_spiral
D:4:      layout_loops_corners, lemuel_crystal_altar,
          gammafunk_ghost_nasty_kobolds, minmay_shop_grid_forest
D:5:      minmay_chambers_of_threes, layout_rooms,
          chequers_temple_overflow_statue_of_worship, st_stairs_11
D:6:      layout_loops_ring, overflow_temple_1_default,
          minmay_temple_entry_statues, ebering_ghost_rock_garden, basic_altar,
          uniq_duvessa, uniq_edmund
D:7:      layout_loops_ring, the_bakery
D:8:      layout_basic, erik_lair_island, uniq_joseph

Skill      XL: |  1  2  3  4  5  6  7  8  9 |
---------------+----------------------------+-----
Transmutations | 3 4 5 6 7 9 |  9.3
Unarmed Combat | 4 5 6 7 9 11 | 11.1
Spellcasting   | 3 4 5 6 |  6.6
Fighting       | |  1.1
Dodging        | |  2.6

Action                   |  1- 3 |  4- 6 |  7- 9 | 10-12 || total
-------------------------+-------+-------+-------+-------++-------
Melee: Unarmed           |   151 |   260 |   277 |     4 ||   692
       Headbutt          |    14 |    18 |     7 |       ||    39
       Punch             |     1 |     4 |     1 |       ||     6
       Tailslap          |       |     7 |       |       ||     7
 Cast: Beastly Appendage |    22 |    26 |    10 |       ||    58
       Spider Form       |       |     9 |    12 |       ||    21
       Sticks to Snakes  |       |     1 |     1 |       ||     2
       Blade Hands       |       |       |     9 |     1 ||    10
Invok: Lunge             |       |       |    11 |       ||    11
       Whirlwind         |       |       |     1 |     1 ||     2
Evoke: Wand              |       |       |     2 |     2 ||     4
  Use: Scroll            |       |    17 |     6 |       ||    23
       Potion            |       |       |     2 |       ||     2
 Stab: Sleeping          |     1 |     1 |     3 |       ||     5
  Eat: Chunk             |     5 |    17 |    23 |     1 ||    46
Armor: Robe              |    39 |    36 |    18 |       ||    93
       Skin              |       |       |     6 |       ||     6
Dodge: Dodged            |   142 |   160 |   187 |     5 ||   494

Table legend:
 A = Non-vault XP
 B = Vault XP
 C = Vault XP percentage of total XP
 D = Non-vault monster count
 E = Vault monster count
 F = Vault count percentage of total count
                 A         B        C        D         E       F
            +---------+---------+-------+---------+---------+-------
      Total |    3411 |    1354 |  28.4 |     132 |      49 |  27.1
            +---------+---------+-------+---------+---------+-------
        D:1 |      57 |       0 |   0.0 |      35 |       0 |   0.0
        D:2 |      66 |       0 |   0.0 |      21 |       0 |   0.0
        D:3 |      30 |      39 |  56.5 |       9 |      13 |  59.1
        D:4 |     154 |       0 |   0.0 |       8 |       0 |   0.0
        D:5 |     747 |     419 |  35.9 |      22 |       9 |  29.0
        D:6 |     832 |     403 |  32.6 |      22 |       3 |  12.0
        D:7 |     540 |     205 |  27.5 |       9 |       1 |  10.0
        D:8 |     985 |     119 |  10.8 |       6 |       1 |  14.3
      Sewer |       0 |     169 | 100.0 |       0 |      22 | 100.0
            +---------+---------+-------+---------+---------+-------
